 Dungeon Crawl Stone Soup version 0.28-a0-1415-g7c84da036a (webtiles) character file.

Game seed: 3974693099396813498

1578 southernslant the Skirmisher (level 8, -12/51 HPs)
             Began as a Gargoyle Gladiator on Jan 7, 2022.
             Mangled by a two-headed ogre (22 damage)
             ... on level 6 of the Dungeon.
             The game lasted 00:14:41 (5788 turns).

southernslant the Skirmisher (Gargoyle Gladiator)   Turns: 5788, Time: 00:14:42

Health: -12/51     AC: 10    Str: 19    XL:     8   Next: 91%
Magic:  8/8        EV: 13    Int:  8    God:
Gold:   249        SH:  0    Dex: 13    Spells: 7/7 levels left

rFire   . . .      SeeInvis .   a - +0 quarterstaff
rCold   . . .      Faith    .   (shield currently unavailable)
rNeg    + . .      Spirit   .   b - +0 leather armour
rPois   ∞          Reflect  .   c - +0 helmet
rElec   +          Harm     .   p - scarf {repulsion}
rCorr   .          Rampage  .   (no gloves)
Will    .....                   (no boots)
Stlth   ++........              (no amulet)
HPRegen 0.17/turn               (no ring)
MPRegen 0.11/turn               (no ring)

@: repel missiles
A: sickness immunity, AC +5, negative energy resistance 1, electricity
resistance, torment resistance 1, petrification resistance
a: no special abilities


You were on level 6 of the Dungeon.
You visited 1 branch of the dungeon, and saw 6 of its levels.

You collected 249 gold pieces.

Inventory:

Hand Weapons
 a - a +0 quarterstaff (weapon)
Missiles
 d - 5 throwing nets
 g - 141 stones
 j - 8 boomerangs
 k - 3 curare-tipped darts (quivered)
 z - 14 poisoned darts
Armour
 b - a +0 leather armour (worn)
 c - a +0 helmet (worn)
 m - a +1 robe of cold resistance
 p - a scarf of repulsion (worn)
 u - the +5 scale mail "Tedegg" {Int-4 Slay+2 Stlth+}
   (You found it on level 5 of the Dungeon)

   Int:       It affects your intelligence (-4).
   Slay:      It affects your accuracy & damage with ranged weapons and melee
   (+2).
   Stlth:     It makes you more stealthy.
Jewellery
 h - a ring of flight
 A - a ring of fire
Wands
 v - a wand of iceblast (12)
 y - a wand of polymorph (4)
Scrolls
 e - a scroll of blinking {unknown}
 f - 3 scrolls of identify {unknown}
 i - a scroll of immolation {unknown}
 o - a scroll of enchant weapon {unknown}
 q - 2 scrolls of teleportation {unknown}
 s - a scroll of vulnerability {unknown}
 x - a scroll of holy word {unknown}
 B - a scroll of enchant armour {unknown}
Potions
 l - a potion of haste {unknown}
 n - a potion of resistance {unknown}
 r - a potion of degeneration {unknown}
 t - a potion of might {unknown}
 w - 2 potions of mutation {unknown}


   Skills:
 * Level 6.2 Fighting
 * Level 5.8 Staves
 + Level 2.6 Throwing
 * Level 5.6 Armour
 + Level 4.0 Dodging
 + Level 4.1 Stealth
 + Level 0.9 Evocations


You had 7 spell levels left.
You didn't know any spells.
Your spell library contained the following spells:

 Spells                   Type           Power      Damage    Failure   Level
 Gell's Gravitas          Tloc           0%         N/A       83%         3
 Teleport Other           Tloc           0%         N/A       83%         3
 Dispersal                Tloc           0%         N/A       100%        6
 Malign Gateway           Summ/Tloc      0%         N/A       100%        7
 Summon Horrible Things   Summ           0%         N/A       100%        8


Dungeon Overview and Level Annotations

Branches:
Dungeon (6/15)             Temple (0/1) D:4

Altars:
Uskayaw

Annotations:
D:4 1 runed translucent door, HallandMoats's ghost, amateur DsFi


Innate Abilities, Weirdness & Mutations

You are immune to sickness and miasma.
Your stone body is resilient. (AC +5)
You are immune to poison.
You resist negative energy. (rN+)
You are resistant to electric shocks. (rElec)
You are resistant to unholy torment.
You are immune to petrification.


Message History

Your Dodging skill increases to level 4!
A black bear comes into view.
You now have 249 gold pieces (gained 10).
There are no items here.
You open the door.
There is an open door here.
There is a stone staircase leading down here.
You see here 29 sling bullets.
A two-headed ogre comes into view.
It is wielding a +0 dire flail and a +0 giant club.
Throw: 4 darts (curare)
Press: ? - help, Q - select action, (/) - cycle Shift-Dir - straight line, f - two-headed ogre
Aim: a two-headed ogre, wielding a +0 dire flail and a +0 giant club (asleep, 98% to hit)
You throw a curare-tipped dart.
The curare-tipped dart hits the two-headed ogre.
The two-headed ogre is poisoned.
The two-headed ogre convulses.
The two-headed ogre seems to slow down.
The two-headed ogre shouts in stereo!
The two-headed ogre is lightly wounded.
Found 26 sling bullets and 25 stones.
The two-headed ogre is no longer moving slowly.
You barely miss the two-headed ogre.
The two-headed ogre is lightly wounded.
The two-headed ogre hits you with a +0 dire flail!
The two-headed ogre barely misses you.
You hit the two-headed ogre.
The two-headed ogre is moderately wounded.
You sock the two-headed ogre!
The two-headed ogre is heavily wounded.
The two-headed ogre misses you.
The two-headed ogre hits you with a +0 giant club!
You thump the two-headed ogre!
The two-headed ogre is severely wounded.
The two-headed ogre barely misses you.
The two-headed ogre hits you with a +0 giant club!
You thump the two-headed ogre!
The two-headed ogre is almost dead.
The two-headed ogre hits you with a +0 dire flail!
* * * LOW HITPOINT WARNING * * *
The two-headed ogre hits you with a +0 giant club!!
You die...

........'........
........#........(##.##....
.......>................... .
#.................##..#.... ..
.............#................
..............................
.......(.....#.......(.# (....
.............#.......###......
.............#..@O............
..........####........##......
.......#### ########.# ......
.....#.# ####### #.##......
.....#.# #.....#####.........
....##.# #.....##..........#.
######.####.....##......###.#
.................#........#.#....
........########.#....#.#.#.#....


You could see a two-headed ogre (poisoned).

Vanquished Creatures
  Sigmund (D:3)
  2 black bears (D:5)
  A sky beast (D:6)
  A centaur (D:6)
  2 necrophages (D:5)
  3 ogres
  2 phantoms
  A scorpion (D:6)
  A centaur zombie (D:4)
  An orc priest (D:5)
  A bullfrog skeleton (D:5)
  A hound (D:6)
  A centaur skeleton (D:6)
  Terence (D:3)
  2 iguanas
  2 orc wizards
  6 adders
  A white imp (D:5)
  3 adder skeletons
  2 worms
  2 dart slugs
  10 orcs
  9 bats
  5 endoplasms
  2 giant cockroaches
  5 goblins (D:1)
  8 hobgoblins
  10 jackals
  2 kobolds
  4 quokkas
  5 ball pythons
  4 frilled lizards
  5 rats
106 creatures vanquished.

Vanquished Creatures (others)
  2 withered plants (D:4)
2 creatures vanquished.

Grand Total: 108 creatures vanquished

Notes
Turn   | Place    | Note
-------+----------+-------------------------------------------
     0 | D:1      | southernslant the Gargoyle Gladiator began the quest for
                  | the Orb.
     0 | D:1      | Reached XP level 1. HP: 12/12 MP: 1/1
    83 | D:1      | Reached XP level 2. HP: 18/18 MP: 2/2
   150 | D:1      | Reached skill level 1 in Armour
   475 | D:1      | Reached XP level 3. HP: 18/22 MP: 3/3
   690 | D:1      | Reached skill level 1 in Stealth
  1243 | D:2      | Reached skill level 3 in Fighting
  1243 | D:2      | Reached XP level 4. HP: 28/28 MP: 4/4
  1684 | D:3      | Noticed Terence
  1848 | D:3      | Killed Terence
  2118 | D:3      | Reached XP level 5. HP: 32/32 MP: 5/5
  2125 | D:3      | Noticed Sigmund
  2134 | D:3      | Killed Sigmund
  2135 | D:3      | Reached XP level 6. HP: 25/38 MP: 6/6
  2308 | D:3      | Reached skill level 4 in Fighting
  3101 | D:4      | Reached XP level 7. HP: 44/44 MP: 7/7
  3122 | D:4      | Found a staircase to the Ecumenical Temple.
  3128 | D:4      | Found a runed translucent door.
  3128 | D:4      | Noticed HallandMoats's ghost (amateur DsFi)
  3284 | D:5      | Entered Level 5 of the Dungeon
  3645 | D:5      | Identified the +5 scale mail "Tedegg" {Int-4 Slay+2 Stlth+}
  3704 | D:5      | Reached skill level 5 in Fighting
  4020 | D:5      | HP: 2/44 [black bear (3)]
  4022 | D:5      | Reached skill level 5 in Staves
  4022 | D:5      | Reached XP level 8. HP: 2/49 MP: 8/8
  4947 | D:5      | Found a hide-covered altar of Uskayaw.
  4947 | D:5      | Noticed a +0 hand axe
  4947 | D:5      | Noticed a +0 dagger
  5145 | D:5      | Reached skill level 5 in Armour
  5447 | D:6      | Reached skill level 6 in Fighting
  5771 | D:6      | Noticed a two-headed ogre
  5788 | D:6      | Mangled by a two-headed ogre

Illustrated notes

Levels and vault maps discovered:
D:1:      denvon_arrival_hothouse, layout_basic, hangedman_decor_push
D:2:      layout_rooms
D:3:      layout_rooms, uniq_sigmund, uniq_terence
D:4:      layout_basic, temple_statues, gammafunk_ghost_grave
D:5:      layout_cave_pods, dancing_weapons_uskayaw, minmay_misc_feat_five,
          st_stairs_11
D:6:      layout_basic, minmay_manual_mail

Skill      XL: |  1  2  3  4  5  6  7  8 |
---------------+-------------------------+-----
Armour         | 1 2 3 4 5 |  5.6
Throwing       | 2 |  2.6
Stealth        | 1 2 3 4 |  4.1
Fighting       | 3 4 5 6 |  6.2
Dodging        | 3 4 |  4.0
Staves         | 4 5 |  5.8
Evocations     | |  0.9

Action                   |  1- 3 |  4- 6 |  7- 9 || total
-------------------------+-------+-------+-------++-------
Melee: Quarterstaff      |    90 |   116 |   167 ||   373
Throw: Dart              |       |    12 |     8 ||    20
  Use: Potion            |       |       |     2 ||     2
 Stab: Sleeping          |     3 |     3 |     2 ||     8
Armor: Leather armour    |    38 |    46 |    92 ||   176
Dodge: Dodged            |    76 |    94 |   107 ||   277
       Repelled          |       |       |     3 ||     3

Table legend: (Time is in decaauts)
 A = Elapsed time spent in this place.
 B = Non-inter-level travel time spent in this place.
 C = Inter-level travel time spent in this place.
 D = Time resting spent in this place.
 E = Time spent auto-exploring this place.
 F = Levels seen in this place.
 G = Mean time per level.
                   A        B        C        D        E       F      G
               +--------+--------+--------+--------+--------+-----+--------+
         Total |   5823 |   5749 |     74 |      0 |   3690 |   6 |  970.5 |
       Dungeon |   5823 |   5749 |     74 |      0 |   3690 |   6 |  970.5 |
               +--------+--------+--------+--------+--------+-----+--------+

Top non-repeatable levels by time:
     D:5: 1771 daAuts
     D:4: 960 daAuts
     D:1: 917 daAuts
     D:3: 912 daAuts
     D:2: 802 daAuts
     D:6: 460 daAuts
